 Dungeon Crawl Stone Soup version 0.24.0-123-gd5b16e6ec5 (webtiles) character file.

Game seed: 14641742452607014588, levelgen mode: deterministic

45005 Enkuryo the Bludgeoner (level 13, -15/125 HPs)
             Began as a Minotaur Berserker on Jan 14, 2020.
             Was an Elder of Trog.
             Demolished by an orc knight
             ... wielding a +1 glaive of protection
              (18 damage)
             ... on level 15 of the Dungeon on Jan 15, 2020.
             The game lasted 02:53:56 (23071 turns).

Enkuryo the Bludgeoner (Minotaur Berserker)        Turns: 23071, Time: 02:53:57

Health: -15/125    AC: 25    Str: 27      XL:     13   Next: 99%
Magic:  6/6        EV: 16    Int:  5      God:    Trog [****..]
Gold:   1032       SH:  0    Dex: 11 (12) Spells: 12/12 levels left

rFire    + . .     SeeInvis .   a - +3 great mace (antimagic)
rCold    x . .     Gourm    .   (shield currently unavailable)
rNeg     . . .     Faith    +   o - +8 scale mail "Hosuban" {*Drain rElec MR++ MP+9}
rPois    .         Spirit   .   (helmet restricted)
rElec    +         Reflect  .   x - +2 cloak {MR+}
rCorr    .         Harm     .   (no gloves)
MR       +++++                  z - +2 pair of boots
Stlth    ..........             j - amulet of faith
HPRegen  1.30/turn              b - ring of fire
MPRegen  0.10/turn              s - +3 ring of strength

@: berserk cooldown, regenerating
A: retaliatory headbutt, horns 2, rugged brown scales 1, deterioration 1, low mp
2
a: Berserk, Trog's Hand, Brothers in Arms, Renounce Religion


You were on level 15 of the Dungeon.
You worshipped Trog.
Trog was greatly pleased with you.
You were not hungry.

You visited 2 branches of the dungeon, and saw 16 of its levels.

You collected 1816 gold pieces.
You spent 784 gold pieces at shops.

Inventory:

Hand Weapons
 a - a +3 antimagic great mace (weapon)
 w - a +6 antimagic triple sword
Armour
 o - the +8 scale mail "Hosuban" (worn) {*Drain rElec MR++ MP+9}
   (You found it on level 8 of the Dungeon)

   It insulates you from electricity.
   It affects your resistance to hostile enchantments.
   It affects your magic capacity (+9).
   It causes draining when unequipped.
 x - a +2 cloak of magic resistance (worn)
 z - a +2 pair of boots (worn)
Jewellery
 b - a ring of fire (left hand)
 j - an amulet of faith (around neck)
 p - a +3 ring of dexterity
 s - a +3 ring of strength (right hand)
 u - an uncursed ring of protection from magic
Wands
 e - a wand of disintegration (11)
 k - a wand of polymorph (5)
 m - a wand of enslavement (10)
 q - a wand of random effects (11)
Scrolls
 h - a scroll of identify
 l - 3 scrolls of remove curse
 t - a scroll of fog
 v - 2 scrolls of magic mapping
 y - a scroll of random uselessness
Potions
 d - 6 potions of agility
 f - 2 potions of flight
 g - 2 potions of might
 i - 5 potions of curing
 n - a potion of brilliance
 r - 2 potions of haste
Comestibles
 c - 12 rations


   Skills:
 + Level 13.2 Fighting
 - Level 9.0 Long Blades
 * Level 16.0 Maces & Flails
 + Level 13.2 Armour
 + Level 11.6 Dodging
 - Level 1.8 Stealth


You had 12 spell levels left.
You didn't know any spells.
Your spell library contained the following spells:

 Spells                   Type           Power        Failure   Level  Hunger
 Magic Dart               Conj           #...         67%         1    ##.....
 Shock                    Conj/Air       #...         67%         1    ##.....
 Searing Ray              Conj           #.....       82%         2    ###....
 Swiftness                Chrm/Air       #.......     82%         2    ###....
 Dazzling Spray           Conj/Hex       #.....       96%         3    ####...
 Static Discharge         Conj/Air       #.......     96%         3    ####...
 Airstrike                Air            #.........   100%        4    #####..
 Force Lance              Conj/Tloc      #.......     100%        4    #####..
 Fulminant Prism          Conj/Hex       #.........   100%        4    #####..
 Iskenderun's Mystic Bla  Conj           #.......     100%        4    #####..
 Bolt of Magma            Conj/Fire/Erth #.........   100%        5    ######.
 Iskenderun's Battlesphe  Conj/Chrm      #.......     100%        5    ######.
 Lightning Bolt           Conj/Air       #.........   100%        5    ######.
 Venom Bolt               Conj/Pois      #.........   100%        5    ######.
 Iron Shot                Conj/Erth      #.........   100%        6    #######
 Orb of Destruction       Conj           #.........   100%        7    #######
 Spellforged Servitor     Conj/Summ      #.........   100%        7    #######


Dungeon Overview and Level Annotations

Branches:
Dungeon (15/15)            Temple (0/1) D:6            Lair (0/6) D:9
    Orc (2/2) D:10            Elf (0/3) Orc:2        Vaults (0/5) D:13
 Depths: D:15

Altars:
Ashenzari
Cheibriados
Dithmenos
Elyvilon
Gozag
Hepliaklqana
Uskayaw
Vehumet
Wu Jian
Xom
The Shining One
Beogh

Shops:
Orc:2 [?[[

Annotations:
D:9 3 runed translucent doors, FluffierThanThou's ghost, novice MiFi


Innate Abilities, Weirdness & Mutations

You reflexively headbutt those who attack you in melee.
You have a pair of horns on your head.
You are partially covered in rugged brown scales. (AC +1, +3% HP)
Your body sometimes deteriorates upon taking damage.
Your magical capacity is very low. (-20% MP)


Message History

The orc knight hits you from afar with a +1 glaive of protection.
* * * LOW HITPOINT WARNING * * *
The orc warrior barely misses you. The orc knight barely misses you.
You see here a hydra corpse.
The orc knight hits you but does no damage.
The orc warrior no longer looks unusually strong.
The orc knight barely misses you.
The orc knight roars a battlecry!
The orcs go into a battle-frenzy!
The orc priest begins to cast a cantrip, but forgets the words!
The orc priest casts a cantrip, but nothing happens.
The orc knight hits you from afar with a +1 glaive of protection!
* * * LOW HITPOINT WARNING * * *
You feel yourself speed up.
Your skin crawls.
You feel resistant to hostile enchantments.
You feel quite a bit more hungry.
The orc priest no longer looks unusually strong.
The orc knight hits you from afar with a +1 glaive of protection!!
You die...

#.###..#
... #.#
#..# #.#
#..# #.#
#..# #.#
#..#
#.###..+
#......#
#......#
#.....@#
#......#
#...##o#
#...##o#
#...##o#
#....oo#
#...o..#
#......#
#......#


You could see an orc knight, an orc warrior, an orc priest and 2 orcs.

Vanquished Creatures
  A yaktaur captain (D:13)
  9 slime creatures
  An ogre mage (D:11)
  A hydra (D:15)
  4 centaur warriors
  Erica (D:11)
  A catoblepas (D:15)
  10 two-headed ogres
  An orc high priest (Orc:2)
  3 skeletal warriors (D:11)
  3 unseen horrors
  2 orc knights
  2 deep elf magi
  An ugly thing (D:10)
  An orc sorcerer (Orc:1)
  3 cyclopes
  A manticore (D:14)
  A black mamba (shapeshifter) (D:14)
  A gargoyle (D:14)
  2 yaktaurs (D:13)
  A freezing wraith (D:14)
  4 trolls
  A queen bee (D:8)
  Grinder (D:3)
  3 hippogriffs
  Sigmund (D:6)
  2 wyverns
  A vampire (D:14)
  A wraith (D:10)
  10 yaks
  2 hungry ghosts
  A fire elemental (Orc:2)
  A soldier ant (D:11)
  A water moccasin (D:8)
  12 orc warriors
  7 sky beasts
  2 black bears (D:6)
  3 phantoms
  3 eyes of draining
  18 ogres
  2 wolves (D:9)
  3 centaurs
  2 crocodiles
  6 big kobolds
  6 bullfrogs
  3 gnoll sergeants (D:10)
  A water moccasin skeleton (D:11)
  20 killer bees (D:8)
  11 wights
  2 howler monkeys (D:9)
  6 electric eels
  5 crimson imps
  3 bullfrog zombies
  2 centaur zombies
  3 centaur skeletons
  8 hounds
  A jelly (D:8)
  8 orc priests
  2 bullfrog skeletons
  2 gnoll shamans (D:10)
  17 orc wizards
  4 worker ants
  4 hound skeletons
  A worker ant zombie (D:11)
  19 gnolls
  A howler monkey skeleton (D:10)
  17 adders
  4 shadow imps
  2 adder skeletons
  4 worms
  2 dart slugs (D:1)
  9 leopard geckos
  54 orcs
  6 bats
  2 giant cockroaches
  5 goblins
  4 hobgoblins
  8 jackals
  4 quokkas
  2 ball pythons
  A frilled lizard (D:1)
  A jackal skeleton (D:4)
  18 kobolds
  9 rats
418 creatures vanquished.

Vanquished Creatures (collateral kills)
  Azrael (Orc:2)
  9 two-headed ogres (Orc:2)
  4 ogre magi (Orc:2)
  An orc knight (D:15)
  An ugly thing (D:11)
  An ice statue (D:15)
  2 gargoyles (D:11)
  A kobold demonologist (D:11)
  A troll (D:9)
  2 fire elementals (Orc:2)
  An acid dragon (D:11)
  A hell hound (Orc:2)
  2 orc warriors
  13 ogres
  A centaur (D:11)
  A big kobold (D:11)
  A hound (D:11)
  2 orc priests
  An adder (D:11)
  2 orcs (Orc:2)
48 creatures vanquished.

Vanquished Creatures (others)
  An adder (D:9)
1 creature vanquished.

Grand Total: 467 creatures vanquished

Notes
Turn   | Place    | Note
-------+----------+-------------------------------------------
     0 | D:1      | Enkuryo the Minotaur Berserker began the quest for the Orb.
     0 | D:1      | Reached XP level 1. HP: 19/19 MP: 0/0
   212 | D:1      | Reached XP level 2. HP: 27/27 MP: 1/1
   215 | D:1      | Reached skill level 4 in Maces & Flails
  1605 | D:2      | Reached XP level 3. HP: 33/33 MP: 2/2
  1612 | D:2      | Found a white marble altar of Elyvilon.
  1803 | D:2      | Reached ** piety under Trog
  1908 | D:2      | Reached XP level 4. HP: 36/41 MP: 3/3
  2729 | D:3      | Reached skill level 5 in Maces & Flails
  2838 | D:3      | Found a faded altar of an unknown god.
  3016 | D:3      | Reached XP level 5. HP: 34/47 MP: 4/4
  3250 | D:3      | Found a snail-covered altar of Cheibriados.
  3358 | D:3      | Found a shimmering altar of Xom.
  3362 | D:3      | Found a shimmering altar of Xom.
  3362 | D:3      | Found a shimmering altar of Xom.
  3363 | D:3      | Found a shimmering altar of Xom.
  3365 | D:3      | Found a shimmering altar of Xom.
  3365 | D:3      | Found a shimmering altar of Xom.
  3365 | D:3      | Found a shimmering altar of Xom.
  3365 | D:3      | Found a shimmering altar of Xom.
  3366 | D:3      | Found a shimmering altar of Xom.
  3461 | D:3      | Noticed Grinder
  3475 | D:3      | Killed Grinder
  3475 | D:3      | Reached skill level 5 in Fighting
  3475 | D:3      | Reached skill level 6 in Maces & Flails
  3475 | D:3      | Reached XP level 6. HP: 46/56 MP: 5/5
  4269 | D:4      | Reached skill level 1 in Stealth
  4269 | D:4      | Reached XP level 7. HP: 56/61 MP: 6/6
  4905 | D:5      | Entered Level 5 of the Dungeon
  5006 | D:5      | Reached skill level 5 in Armour
  5343 | D:5      | Reached skill level 7 in Maces & Flails
  5374 | D:5      | Reached *** piety under Trog
  6075 | D:6      | Found a staircase to the Ecumenical Temple.
  6193 | D:6      | Reached XP level 8. HP: 66/70 MP: 7/7
  6204 | D:6      | Reached skill level 8 in Maces & Flails
  6406 | D:6      | Found a radiant altar of Vehumet.
  6406 | D:6      | Found a hazy altar of Hepliaklqana.
  6406 | D:6      | Found a glowing golden altar of the Shining One.
  6463 | D:6      | Found an ornate altar of the Wu Jian Council.
  6469 | D:6      | Found a shadowy altar of Dithmenos.
  6783 | D:6      | Noticed Sigmund
  6794 | D:6      | Killed Sigmund
  7169 | D:7      | Reached skill level 9 in Maces & Flails
  7636 | D:7      | Found a shattered altar of Ashenzari.
  8210 | D:8      | Reached skill level 5 in Dodging
  8416 | D:8      | Reached XP level 9. HP: 79/79 MP: 8/8
  8544 | D:8      | Noticed a queen bee
  8922 | D:8      | Reached skill level 10 in Maces & Flails
  8930 | D:8      | Killed a queen bee
  8940 | D:8      | Reached **** piety under Trog
  9719 | D:8      | Reached skill level 11 in Maces & Flails
  9973 | D:8      | Got a steaming scale mail
  9984 | D:8      | Identified the +8 scale mail "Hosuban" {*Drain rElec MR++
                  | MP+9} (You found it on level 8 of the Dungeon)
 10214 | D:9      | Reached XP level 10. HP: 84/90 MP: 9/9
 10238 | D:9      | Reached ***** piety under Trog
 10302 | D:9      | Found a staircase to the Lair.
 10935 | D:9      | Received a gift from Trog
 11138 | D:9      | Found a hide-covered altar of Uskayaw.
 11182 | D:9      | Reached skill level 12 in Maces & Flails
 11200 | D:9      | Found a runed translucent gate.
 11200 | D:9      | Found a runed translucent gate.
 11200 | D:9      | Found a runed translucent gate.
 11201 | D:9      | Noticed FluffierThanThou's ghost (novice MiFi)
 11265 | D:10     | Entered Level 10 of the Dungeon
 11814 | D:10     | Reached XP level 11. HP: 80/99 MP: 10/10
 12068 | D:10     | Received a gift from Trog
 12081 | D:10     | Reached skill level 13 in Maces & Flails
 12161 | D:10     | Noticed a white ugly thing
 12182 | D:10     | Killed a white ugly thing
 12182 | D:10     | Reached skill level 10 in Fighting
 12243 | D:10     | Reached skill level 10 in Armour
 12612 | D:10     | Noticed an orc knight
 12613 | D:10     | Found a staircase to the Orcish Mines.
 12637 | D:10     | Killed an orc knight
 12677 | Orc:1    | Entered Level 1 of the Orcish Mines
 13051 | Orc:2    | Entered Level 2 of the Orcish Mines
 13057 | Orc:2    | Noticed an orc sorcerer
 13057 | Orc:2    | Noticed an orc high priest
 13066 | Orc:2    | Noticed a sun demon
 13069 | Orc:2    | Noticed a sun demon
 13078 | Orc:1    | Killed an orc sorcerer
 13300 | Orc:2    | Killed an orc high priest
 13609 | Orc:2    | Noticed a two-headed ogre
 13610 | Orc:2    | Noticed a two-headed ogre
 13617 | Orc:2    | Noticed a two-headed ogre
 13617 | Orc:2    | Noticed Azrael
 13693 | Orc:2    | Killed a two-headed ogre
 13695 | Orc:2    | Killed Azrael
 13695 | Orc:2    | Reached skill level 14 in Maces & Flails
 13699 | Orc:2    | Killed a two-headed ogre
 13707 | Orc:2    | Noticed a two-headed ogre
 13713 | Orc:2    | Killed a two-headed ogre
 13718 | Orc:2    | Killed a two-headed ogre
 13720 | Orc:2    | Noticed a two-headed ogre
 13727 | Orc:2    | Noticed an ogre mage
 14059 | Orc:2    | Noticed a two-headed ogre
 14062 | Orc:2    | Killed a two-headed ogre
 14075 | Orc:1    | Killed a two-headed ogre
 14075 | Orc:1    | Reached XP level 12. HP: 45/110 MP: 6/11
 14308 | Orc:1    | test
 14314 | Orc:2    | Noticed a two-headed ogre
 14315 | Orc:2    | Noticed an ogre mage
 14316 | Orc:2    | Noticed an ogre mage
 14318 | Orc:2    | Killed an ogre mage
 14319 | Orc:2    | Killed a two-headed ogre
 14321 | Orc:2    | Noticed an ogre mage
 14322 | Orc:2    | Killed an ogre mage
 14324 | Orc:2    | Killed an ogre mage
 14328 | Orc:2    | Killed an ogre mage
 14329 | Orc:2    | Noticed a two-headed ogre
 14335 | Orc:2    | Killed a two-headed ogre
 14335 | Orc:2    | Reached skill level 15 in Maces & Flails
 14342 | Orc:2    | Noticed a two-headed ogre
 14350 | Orc:2    | Killed a two-headed ogre
 14447 | Orc:2    | Received a gift from Trog
 14455 | Orc:2    | Noticed a two-headed ogre
 14458 | Orc:2    | Noticed a two-headed ogre
 14462 | Orc:2    | Reached skill level 1 in Long Blades
 14465 | Orc:2    | Killed a two-headed ogre
 14468 | Orc:2    | Killed a two-headed ogre
 14488 | Orc:2    | Noticed a two-headed ogre
 14492 | Orc:2    | Noticed a two-headed ogre
 14492 | Orc:2    | Killed a two-headed ogre
 14492 | Orc:2    | Reached skill level 10 in Dodging
 14494 | Orc:2    | Noticed a two-headed ogre
 14498 | Orc:2    | Noticed a two-headed ogre
 14516 | Orc:1    | Killed a two-headed ogre
 14805 | Orc:2    | Killed a two-headed ogre
 14805 | Orc:2    | Killed a two-headed ogre
 14816 | Orc:2    | Noticed a two-headed ogre
 14819 | Orc:2    | Killed a two-headed ogre
 15024 | Orc:2    | Found a staircase to the Elven Halls.
 15173 | Orc:2    | Found a roughly hewn altar of Beogh.
 15264 | Orc:2    | Found Haqunazi's Antique Armour Boutique.
 15264 | Orc:2    | Found Reitit's Magic Scroll Shoppe.
 15264 | Orc:2    | Found Gew Myas's Armour Shoppe.
 15264 | Orc:2    | Found Otodest's Armour Shop.
 15280 | Orc:2    | Bought a scroll of identify for 30 gold pieces
 15281 | Orc:2    | Bought the +5 pair of gloves "Goapuj" {rF++ Int+4 Slay-5}
                  | for 496 gold pieces
 15281 | Orc:2    | Bought a +2 cloak of magic resistance for 258 gold pieces
 15510 | D:11     | Found a hazy altar of Hepliaklqana.
 15928 | D:11     | Reached skill level 5 in Long Blades
 16178 | D:11     | Noticed a two-headed ogre
 16194 | D:11     | Noticed an ogre mage
 16204 | D:11     | Killed an ogre mage
 16516 | D:11     | Reached XP level 13. HP: 93/118 MP: 0/12
 16669 | D:11     | Noticed Erica
 16688 | D:11     | Killed Erica
 17647 | D:11     | You fall into a shaft and drop 2 floors!
 17943 | D:13     | Received a gift from Trog
 19734 | D:13     | Found a gate to the Vaults.
 20172 | D:13     | Found an opulent altar of Gozag.
 22346 | D:14     | Gained mutation: Your body sometimes deteriorates upon
                  | taking damage. [potion of mutation]
 22346 | D:14     | Gained mutation: Your magical capacity is low. (-10% MP)
                  | [potion of mutation]
 22346 | D:14     | Gained mutation: Your magical capacity is very low. (-20%
                  | MP) [potion of mutation]
 22346 | D:14     | Gained mutation: You are partially covered in rugged brown
                  | scales. (AC +1, +3% HP) [potion of mutation]
 22428 | D:15     | Entered Level 15 of the Dungeon
 23047 | D:15     | Reached skill level 16 in Maces & Flails
 23053 | D:15     | HP: 4/125 [orc knight/+1 glaive of protection (5)]
 23069 | D:15     | HP: 1/125 [orc knight/+1 glaive of protection (10)]
 23071 | D:15     | Demolished by an orc knight

Levels and vault maps discovered:
D:1:      wander_arrival_peaceful_grave, layout_basic
D:2:      layout_basic, lemuel_coloured_pillars_altar, first_ration,
          guppyfry_early_lair_pool
D:3:      layout_rooms, lemuel_round_altar, xom_redecorated,
          chequers_ecumenical_altar_lobes, uniq_grinder
D:4:      layout_loops_corners
D:5:      layout_loops_corners, kennysheep_nub
D:6:      layout_loops_cross, grunt_temple_overflow_open,
          gammafunk_temple_overflow_forgotten, minmay_temple_entry_trees,
          uniq_sigmund
D:7:      layout_layer_cave, cheibrodos_ashenzari_chains
D:8:      layout_cave_pods, david_nohive_1, kennysheep_another_room
D:9:      layout_roguey, erik_lair_island, gammafunk_ghost_necromancy,
          basic_altar, minivault_25_ag, minmay_the_grid_2x2
          [minmay_the_grid_spin_star, minmay_the_grid_spikes,
          minmay_the_grid_holed_spiral, minmay_the_grid_prize_trominoes]
D:10:     layout_cave_pools, erik_orc_2, serial_gnoll_camp,
          gnoll_camp_medium_02, gnoll_camp_mini_house, gnoll_camp_mini_sergeant,
          gnoll_camp_mini_house
D:11:     hangedman_cross_stitches, layout_stronghold,
          portal_ice_cave_entry_pillars_2, basic_altar, uniq_erica
D:13:     layout_small_grid, david_vaults_2, nicolae_wwwww, grunt_gozag_statues
D:14:     layout_grid_maze, chequers_avenue
D:15:     grunt_enter_depths_giant_problem, layout_stronghold,
          old_standard_altar, minmay_statue_bubble
Orc:1:    layout_diamond_mine, basic_altar
Orc:2:    st_orc_ogre_mass, layout_caves, basic_altar, special_room, uniq_azrael

Skill      XL: |  1  2  3  4  5  6  7  8  9 10 11 12 13 |
---------------+----------------------------------------+-----
Maces & Flails | 4 5 6 7 9 11 12 14 15 16 | 16.0
Fighting       | 4 5 6 7 8 9 11 12 13 | 13.2
Armour         | 3 4 6 7 8 9 11 12 13 | 13.2
Dodging        | 3 4 5 6 7 9 10 11 | 11.6
Stealth        | 1 |  1.8
Long Blades    | 6 9 |  9.0

Action                   |  1- 3 |  4- 6 |  7- 9 | 10-12 | 13-15 || total
-------------------------+-------+-------+-------+-------+-------++-------
Melee: Mace              |    66 |   117 |   147 |   138 |       ||   468
       Headbutt          |     8 |    16 |    58 |   127 |    75 ||   284
       Morningstar       |       |       |   136 |   100 |       ||   236
       Great mace        |       |       |       |   175 |   155 ||   330
       Triple sword      |       |       |       |    84 |    58 ||   142
       Demon blade       |       |       |       |       |    15 ||    15
Throw: Stone             |       |       |       |       |     2 ||     2
Invok: Berserk           |     1 |     2 |     2 |     7 |     2 ||    14
       Brothers in Arms  |       |       |       |    10 |     6 ||    16
       Trog's Hand       |       |       |       |     1 |     2 ||     3
Evoke: Wand              |       |       |       |       |     4 ||     4
  Use: Scroll            |     4 |     4 |    12 |     6 |     6 ||    32
       Potion            |     3 |     6 |     3 |     1 |     2 ||    15
 Stab: Distracted        |       |       |     1 |       |       ||     1
  Eat: Ration            |     1 |     2 |     6 |     5 |     7 ||    21
       Chunk             |     1 |     1 |     4 |    16 |       ||    22
Armor: Animal skin       |     2 |       |       |       |       ||     2
       Leather armour    |     7 |     1 |       |       |       ||     8
       Ring mail         |       |    35 |    87 |       |       ||   122
       Scale mail        |       |       |    12 |   274 |   221 ||   507
Dodge: Dodged            |    39 |    84 |   251 |   450 |   247 ||  1071
       Rpst.: Triple sword |       |       |       |    22 |    12 ||    34
       Demon blade       |       |       |       |       |     2 ||     2
